 Dungeon Crawl Stone Soup version 0.26.1-11-gd32895ea62 (webtiles) character file.

Game seed: 7456143943148727262

2018 SeamusMoon the Thaumaturge (level 9, -5/64 HPs)
             Began as a Mummy Necromancer on June 21, 2021.
             Was a Believer of Kikubaaqudgha.
             Hit by a large rock thrown by a cyclops (20 damage)
             ... on level 11 of the Dungeon.
             The game lasted 00:39:17 (9687 turns).

SeamusMoon the Thaumaturge (Mummy Necromancer)      Turns: 9687, Time: 00:39:17

Health: -5/64      AC: 12    Str: 11    XL:     9   Next: 3%
Magic:  30/30      EV: 13    Int: 17    God:    Kikubaaqudgha [**....]
Gold:   427        SH:  5    Dex: 13    Spells: 8/24 levels left

rFire    x . .     SeeInvis .   k - +5 flail (protect)
rCold    + . .     Faith    .   (no shield)
rNeg     + + +     Spirit   .   a - +2 robe
rPois    ∞         Reflect  +   m - +2 helmet
rElec    .         Harm     .   i - +1 cloak
rCorr    .         Rampage  .   l - +2 pair of gloves
Will     +....                  (no boots)
Stlth    ++........             q - amulet of reflection
HPRegen  0.20/turn              d - ring of magical power
MPRegen  0.22/turn              (no ring)

@: no status effects
A: no potions, fire vulnerability, cold resistance 1, negative energy resistance
3, torment resistance, unbreathing
a: Renounce Religion, Receive Corpses


You were on level 11 of the Dungeon.
You worshipped Kikubaaqudgha.
Kikubaaqudgha was pleased with you.
You visited 2 branches of the dungeon, and saw 10 of its levels.

You collected 427 gold pieces.

Inventory:

Hand Weapons
 b - a +0 short sword
 h - a +1 dagger of draining
 k - a +5 flail of protection (weapon)
 p - the +4 whip "Isask" {vorpal, rElec SInv Stlth-}
   (You found it on level 5 of the Dungeon)

   It inflicts extra damage upon your enemies.
   It insulates you from electricity.
   It lets you see invisible.
   It makes you less stealthy.
Armour
 a - a +2 robe (worn)
 f - a scarf of invisibility
 i - a +1 cloak (worn)
 l - a +2 pair of gloves (worn)
 m - a +2 helmet (worn)
Magical Staves
 g - an uncursed staff of fire
 u - an uncursed staff of death {unknown}
Jewellery
 d - a ring of magical power (left hand)
 q - an amulet of reflection (around neck)
Wands
 j - a wand of flame (20)
 r - a wand of iceblast (12)
 s - a wand of digging (3)
Scrolls
 c - 7 scrolls of remove curse
 e - 3 scrolls of identify
 n - a scroll of amnesia
 o - a scroll of blinking {unknown}
 t - a scroll of teleportation


   Skills:
 + Level 3.2 Fighting
 + Level 0.7 Short Blades
 + Level 3.9 Maces & Flails
 + Level 3.7 Dodging
 + Level 2.5 Stealth
 + Level 0.8 Shields
 + Level 8.2 Spellcasting
 + Level 7.0 Necromancy


You had 8 spell levels left.
You knew the following spells:

 Your Spells              Type           Power        Failure   Level
a - Pain                  Necr           100%         1%          1
b - Animate Skeleton      Necr           62%          1%          1
c - Vampiric Draining     Necr           15%          1%          3
d - Animate Dead          Necr           15%          5%          4
e - Agony                 Necr           31%          16%         5
f - Corpse Rot            Necr/Air       N/A          3%          2

Your spell library contained the following spells:

 Spells                   Type           Power        Failure   Level
 Foxfire                  Conj/Fire      28%          11%         1
 Confusing Touch          Hex            7%           30%         3
 Conjure Flame            Conj/Fire      7%           30%         3
 Gell's Gravitas          Tloc           3%           30%         3
 Inner Flame              Hex/Fire       7%           30%         3
 Petrify                  Tmut/Erth      7%           71%         4
 Sticky Flame             Conj/Fire      7%           71%         4
 Fireball                 Conj/Fire      3%           96%         5
 Metabolic Englaciation   Hex/Ice        3%           96%         5
 Yara's Violent Unravell  Hex/Tmut       3%           96%         5
 Beastly Appendage        Tmut           Unusable     N/A         1
 Wereblood                Tmut           Unusable     N/A         2
 Spider Form              Tmut/Pois      Unusable     N/A         3
 Ice Form                 Ice/Tmut       Unusable     N/A         4
 Blade Hands              Tmut           Unusable     N/A         5

Dungeon Overview and Level Annotations

Branches:
Dungeon (8/15)             Temple (1/1) D:5
   Lair: D:8-11

Altars:
Ashenzari
Dithmenos
Elyvilon
Gozag
Hepliaklqana
Kikubaaqudgha
Makhleb
Okawaru
Ru
Sif Muna
Uskayaw
Wu Jian
Xom
Yredelemnul
Zin
The Shining One

Shops:
D:8 *


Innate Abilities, Weirdness & Mutations

You do not drink.
Your flesh is vulnerable to fire.
You are immune to poison.
Your flesh is cold resistant. (rC+)
You are immune to negative energy. (rN+++)
You are immune to unholy pain and torment.
You can survive without breathing.


Message History

Found a stone staircase leading down.
You fall into a shaft and drop 3 floors!
The shaft crumbles and collapses.
A boulder beetle comes into view.
Casting: Vampiric Draining (safe; 1% risk of failure)
Confirm with . or Enter, or press ? or * to list all spells.
You can't see any susceptible monsters within range! (Use Z to cast anyway.) Unknown command.
The boulder beetle curls into a ball and begins rolling!
There is a shaft here.
A cyclops comes into view.
The boulder beetle hits you!!!
Ouch! That really hurt!
* * * LOW HITPOINT WARNING * * *
The boulder beetle stops rolling and uncurls.
The cyclops shouts!
The boulder beetle curls into a ball and begins rolling!
The cyclops throws a large rock.
The large rock hits you!!
You die...
Kikubaaqudgha rasps: "You have failed me!
Welcome... oblivion!"

###
#.################
#.^○°°.....°°○○○..
#.################
#B# #.# #.# #@#
#.# ... .....
.C..... .........
##.#..#.###
#.##.#.#


You could see a boulder beetle and a cyclops.

Vanquished Creatures
  A wraith (D:7)
  An orc warrior (D:8)
  A black bear (D:6)
  2 ogres
  A centaur (D:8)
  A bullfrog (D:6)
  A gnoll sergeant (D:7)
  3 wights (D:8)
  4 hounds
  4 orc priests
  2 centaur zombies (D:5)
  2 jellies (D:5)
  A bullfrog skeleton (D:5)
  8 orc wizards
  2 centaur skeletons
  An iguana (D:4)
  6 worker ants
  A killer bee zombie (D:6)
  A hound zombie (D:8)
  7 adders
  5 gnolls (D:7)
  A shadow imp (D:8)
  3 white imps
  2 ufetubi
  An adder skeleton (D:4)
  An adder zombie (D:5)
  5 worms
  33 orcs
  3 ball pythons
  6 bats
  4 giant cockroaches
  7 goblins
  3 hobgoblins
  8 jackals
  2 quokkas (D:4)
  6 frilled lizards
  A jackal skeleton (D:7)
  9 kobolds
  A leopard gecko skeleton (D:4)
  A quokka zombie (D:7)
  3 rats
155 creatures vanquished.

Vanquished Creatures (collateral kills)
  A dart slug (D:3)
  A frilled lizard (D:1)
2 creatures vanquished.

Grand Total: 157 creatures vanquished

Notes
Turn   | Place    | Note
-------+----------+-------------------------------------------
     0 | D:1      | SeamusMoon the Mummy Necromancer began the quest for the
                  | Orb.
     0 | D:1      | Reached XP level 1. HP: 13/13 MP: 4/4
   178 | D:1      | Learned a level 1 spell: Animate Skeleton
   415 | D:1      | Reached XP level 2. HP: 18/19 MP: 2/5
  1021 | D:2      | Reached skill level 3 in Spellcasting
  1287 | D:2      | Reached XP level 3. HP: 24/24 MP: 4/8
  1323 | D:2      | Found a sacrificial altar of Ru.
  1476 | D:2      | Reached skill level 4 in Spellcasting
  1650 | D:2      | Found a faded altar of an unknown god.
  2187 | D:3      | Learned a level 3 spell: Vampiric Draining
  2332 | D:3      | Reached XP level 4. HP: 30/30 MP: 5/10
  2337 | D:3      | Learned a level 4 spell: Animate Dead
  2553 | D:3      | Found an ancient bone altar of Kikubaaqudgha.
  2561 | D:3      | Became a worshipper of Kikubaaqudgha
  3495 | D:4      | Reached skill level 5 in Spellcasting
  3495 | D:4      | Reached skill level 5 in Necromancy
  3495 | D:4      | Reached XP level 5. HP: 31/36 MP: 7/12
  3501 | D:4      | Learned a level 5 spell: Agony
  3606 | D:4      | Found a hazy altar of Hepliaklqana.
  3768 | D:4      | Reached skill level 6 in Spellcasting
  4046 | D:4      | Found a glowing silver altar of Zin.
  4224 | D:4      | Reached XP level 6. HP: 39/42 MP: 15/15
  4581 | D:4      | Found a glowing golden altar of the Shining One.
  4581 | D:4      | Found a broken altar of Ashenzari.
  4581 | D:4      | Found a hide-covered altar of Uskayaw.
  4603 | D:5      | Entered Level 5 of the Dungeon
  4609 | D:5      | Found a staircase to the Ecumenical Temple.
  4613 | Temple   | Entered the Ecumenical Temple
  4834 | D:5      | Reached skill level 1 in Fighting
  4834 | D:5      | Reached skill level 1 in Maces & Flails
  5159 | D:5      | Reached * piety under Kikubaaqudgha
  5159 | D:5      | Identified Kikubaaqudgha's Tome of Sinister Magic
                  | (Kikubaaqudgha gifted it to you on level 5 of the Dungeon)
  5159 | D:5      | Received a gift from Kikubaaqudgha
  5164 | D:5      | Learned a level 2 spell: Corpse Rot
  5260 | D:5      | Reached XP level 7. HP: 48/48 MP: 16/16
  5588 | D:5      | Got a bloodstained whip
  5589 | D:5      | Identified the +4 whip "Isask" {vorpal, rElec SInv Stlth-}
                  | (You found it on level 5 of the Dungeon)
  5986 | D:6      | Reached skill level 7 in Spellcasting
  6179 | D:6      | Found a basalt altar of Yredelemnul.
  6707 | D:6      | Reached XP level 8. HP: 56/56 MP: 19/19
  8650 | D:8      | Found an opulent altar of Gozag.
  8650 | D:8      | Found Gozag's Platinum Reserve.
  8745 | D:8      | Reached ** piety under Kikubaaqudgha
  8919 | D:8      | Reached skill level 8 in Spellcasting
  9392 | D:8      | Found a burning altar of Makhleb.
  9453 | D:8      | Found a shimmering altar of Xom.
  9464 | D:8      | Reached XP level 9. HP: 33/64 MP: 21/21
  9661 | D:8      | You fall into a shaft and drop 3 floors!
  9663 | D:11     | Noticed a boulder beetle
  9685 | D:11     | Noticed a cyclops
  9687 | D:11     | Hit by a large rock thrown by a cyclops

Illustrated notes

Levels and vault maps discovered:
D:1:      co_arrival_square_in_a_square_in_a_square, layout_rooms,
          minmay_heptomino_d4
D:2:      layout_basic, nicolae_ru_sacrificial_ziggurat,
          chequers_ecumenical_altar_grove
D:3:      layout_basic, kiku_gazebo_pond_becter, nrook_loot_triangle,
          grunt_ministairs_1, amcnicky_mini_corridor_feature
D:4:      layout_rooms, gammafunk_temple_overflow_claw,
          overflow_temple_1_default, nzn_hepliaklqana_mist_gate
D:5:      layout_basic, minmay_temple_entry_grid
D:6:      wad_pebble_path, layout_basic, kennysheep_mini_moat
D:7:      layout_layer_cave, enter_bailey_3
D:8:      layout_basic, fedhas_altar_1, nicolae_overflow_crystal_walls,
          basic_altar, nicolae_gozag_zags_fifth_avenue
D:11:     layout_basic, basic_altar
Temple:   nicolae_temple_figure_zero

Skill      XL: |  1  2  3  4  5  6  7  8 |
---------------+-------------------------+-----
Spellcasting   | 3 4 5 6 7 8 |  8.2
Necromancy     | 5 6 7 |  7.0
Fighting       | 1 2 3 |  3.2
Maces & Flails | 1 2 3 |  3.9
Dodging        | 2 3 |  3.7
Stealth        | 2 |  2.5
Short Blades   | |  0.7
Shields        | |  0.8

Action                   |  1- 3 |  4- 6 |  7- 9 || total
-------------------------+-------+-------+-------++-------
Melee: Short sword       |     6 |       |       ||     6
       Dagger            |    11 |    38 |       ||    49
       Flail             |       |    80 |   244 ||   324
 Cast: Pain              |    55 |    62 |    41 ||   158
       Animate Skeleton  |    10 |     3 |       ||    13
       Vampiric Draining |       |    13 |    31 ||    44
       Animate Dead      |       |     2 |     7 ||     9
       Agony             |       |       |     1 ||     1
  Use: Scroll            |       |     8 |    14 ||    22
 Stab: Sleeping          |       |     3 |     3 ||     6
Armor: Robe              |     9 |    61 |   147 ||   217
Dodge: Dodged            |    17 |   141 |   252 ||   410
Block: Other             |       |       |    41 ||    41
